 Dungeon Crawl Stone Soup version 0.24-b1 (webtiles) character file.

Game seed: 10918161609023692494, levelgen mode: deterministic

203 Kohma the Insei (level 5, -3/33 HPs)
             Began as an Octopode Transmuter on Oct 12, 2019.
             Slain by a bullfrog (6 damage)
             ... on level 3 of the Dungeon.
             The game lasted 00:07:33 (2728 turns).

Kohma the Insei (Octopode Transmuter)               Turns: 2728, Time: 00:07:34

Health: -3/33      AC:  2    Str: 10    XL:     5   Next: 81%
Magic:  2/8        EV: 20    Int: 15    God:
Gold:   194        SH:  0    Dex: 18    Spells: 3/9 levels left

rFire    . . .     SeeInvis .     - Unarmed
rCold    . . .     Gourm    .   (shield currently unavailable)
rNeg     . . .     Faith    .   (helmet currently unavailable)
rPois    x         Spirit   .   (no amulet)
rElec    .         Reflect  .   g - ring of protection from magic
rCorr    .         Harm     .   (no ring)
MR       +....                  (no ring)
Stlth    ++........             (no ring)
HPRegen  0.11/turn              (no ring)
MPRegen  0.11/turn              (no ring)
                                (no ring)
                                (no ring)

@: spider-form, very slightly contaminated
A: tiny, almost no armour, stealthy swim, (amphibious), 8 rings, (constrict 8)
a: End Transformation


You were on level 3 of the Dungeon.
You were not hungry.
You were a venomous arachnid creature.
You visited 1 branch of the dungeon, and saw 4 of its levels.

You collected 194 gold pieces.

Inventory:

Missiles
 a - 28 arrows
 n - 9 poisoned darts (quivered)
Armour
 j - a +0 buckler
 s - a +2 shield
Jewellery
 g - a ring of protection from magic (left front leg)
 r - a cursed ring of resist corrosion {unknown}
Scrolls
 f - 3 scrolls of teleportation {unknown}
 i - 3 scrolls of enchant weapon {unknown}
 k - 3 scrolls of magic mapping {unknown}
 l - 2 scrolls of enchant armour {unknown}
 m - a scroll of random uselessness {unknown}
 p - 2 scrolls of identify {unknown}
 q - a scroll of noise {unknown}
Potions
 b - a potion of degeneration {unknown}
 d - a potion of heal wounds {unknown}
 e - a potion of invisibility {unknown}
 h - a potion of haste {unknown}
Comestibles
 c - 2 rations
 o - 2 chunks of flesh


   Skills:
 - Level 1.0 Fighting
 - Level 2.0 Dodging
 + Level 4.8 Unarmed Combat
 + Level 2.5 Spellcasting
 - Level 3.0 Transmutations
 - Level 3.0 Poison Magic


You had 3 spell levels left.
You knew the following spells:

 Your Spells              Type           Power        Failure   Level  Hunger
a - Beastly Appendage     Tmut           ##....       17%         1    #......
b - Sticks to Snakes      Tmut           ##......     22%         2    ###....
c - Spider Form           Tmut/Pois      ##........   38%         3    ###....

Your spell library contained the following spells:

 Spells                   Type           Power        Failure   Level  Hunger
 Ice Form                 Ice/Tmut       #.......     89%         4    #####..
 Blade Hands              Tmut           ##........   95%         5    ######.


Dungeon Overview and Level Annotations

Branches:
Dungeon (4/15)
 Temple: D:4-7

Altars:


Innate Abilities, Weirdness & Mutations

You cannot wear most types of armour.
You are very stealthy in the water. (Stealth+)
((You are amphibious.))
You can wear up to eight rings at the same time.
((You can use your tentacles to constrict eight enemies at once.))
((Your skin changes colour to match your surroundings (Stealth+).))
((Your rubbery body absorbs attacks. (AC +1, EV +1)))


Message History

You are very lightly contaminated with residual magic.
Waves of light ripple over your body. The bullfrog hits you!
The orc barely misses you. The orc hits you with a +0 dagger.
The bullfrog barely misses you. The orc barely misses you.
The bullfrog hits you! The orc hits you with a +0 dagger.
The orc barely misses you.
You climb upwards.
There is a stone staircase leading down here.
Casting: Spider Form (safe; 19% risk of failure)
Confirm with . or Enter, or press ? or * to list all spells.
You turn into a venomous arachnid creature.
The bullfrog hits you.
* * * LOW HITPOINT WARNING * * *
The orc barely misses you. x2; The orc hits you with a +0 dagger.
* * * LOW HITPOINT WARNING * * *
Okay, then.
Okay, then.
The bullfrog closely misses you.
You open the door. The bullfrog hits you.
You die...

..# #......+....# ..#
#......#.##.# ..####
##.......##.# .....#
#.......)..# .)...######
#..##.#.#### .....#....#
#..##'###### .....#)...#
#..#.......#
..........###..'.......#
...............#so.....#
#####..........#F......#
.................oo....#
#####.###.............##
......................#######
##.....#....).....#.##......#
##.##..#.#..###...#.##......#
..................#.##......#
##[.........................#


You could see a bullfrog and 3 orcs.

Vanquished Creatures
  Terence (D:2)
  Natasha (thrice) (D:2)
  A worker ant (D:2)
  3 adders
  A worm (D:3)
  A leopard gecko (D:3)
  2 orcs (D:3)
  3 giant cockroaches (D:1)
  9 goblins
  5 hobgoblins
  6 kobolds
  2 quokkas (D:3)
  3 bats
  A frilled lizard (D:1)
  A quokka zombie (D:2)
  2 rats
44 creatures vanquished.

Vanquished Creatures (collateral kills)
  An adder (D:2)
  A hobgoblin (D:2)
2 creatures vanquished.

Grand Total: 46 creatures vanquished

Notes
Turn   | Place    | Note
-------+----------+-------------------------------------------
     0 | D:1      | Kohma the Octopode Transmuter began the quest for the Orb.
     0 | D:1      | Reached XP level 1. HP: 13/13 MP: 3/3
   273 | D:1      | Reached XP level 2. HP: 13/18 MP: 3/5
   277 | D:1      | Learned a level 2 spell: Sticks to Snakes
  1052 | D:2      | Reached skill level 4 in Unarmed Combat
  1052 | D:2      | Reached XP level 3. HP: 23/23 MP: 2/6
  1157 | D:2      | Noticed Natasha
  1205 | D:1      | Learned a level 3 spell: Spider Form
  1272 | D:2      | Killed Natasha
  1272 | D:2      | Reached skill level 1 in Poison Magic
  1272 | D:2      | Reached XP level 4. HP: 28/28 MP: 3/7
  1415 | D:2      | Found a faded altar of an unknown god.
  1430 | D:2      | Noticed Natasha
  1435 | D:2      | Killed Natasha
  1623 | D:2      | Noticed Terence
  1635 | D:2      | Killed Terence
  1635 | D:2      | Reached XP level 5. HP: 22/33 MP: 5/8
  1648 | D:2      | Noticed Natasha
  1662 | D:2      | Killed Natasha
  2728 | D:3      | Slain by a bullfrog

Skill      XL: |  1  2  3  4  5 |
---------------+----------------+-----
Unarmed Combat | 4 |  4.8
Poison Magic   | 1 2 3 |  3.0
Transmutations | 3 |  3.0
Fighting       | |  1.0
Dodging        | |  2.0
Spellcasting   | |  2.5

Action                   |  1- 3 |  4- 6 || total
-------------------------+-------+-------++-------
Melee: Unarmed           |    42 |    61 ||   103
       Constrict         |    10 |     7 ||    17
       Tentacles         |     7 |     1 ||     8
       Kick              |     6 |     6 ||    12
       Punch             |       |     2 ||     2
Throw: Dart              |       |     1 ||     1
 Cast: Beastly Appendage |    16 |     7 ||    23
       Sticks to Snakes  |     3 |     1 ||     4
       Spider Form       |     1 |    10 ||    11
 Stab: Sleeping          |     6 |     2 ||     8
  Eat: Chunk             |     1 |     7 ||     8
Armor: Skin              |     1 |       ||     1
Dodge: Dodged            |    23 |    43 ||    66
